Map: King's Cove LE

Players

llllllllllll - Winner!

  • Race: Protoss Protoss
  • League: Platinum
  • Spawn Location: 5:00

peacake

  • Race: Zerg Zerg
  • League: Platinum
  • Spawn Location: 11:00

VOD

Have the link to the VOD?

Description

Time

  • Played on: April 25, 2025, 6:16 a.m.
  • Length: 5:24
Show
View Real Time Build Order
Export as new Build Order

llllllllllll Protoss - Winner!

Build Orders:  

Get SALT Encoding   

  12  0:00  Probe  
  13  0:12  Probe  
  14  0:19  Pylon  
  14  0:24  Probe  
  15  0:33  Probe  
  15  0:40  Gateway  
  15  0:41  Probe  
  16  0:49  Assimilator  
  17  0:51  Probe  
  18  1:03  Probe  
  19  1:09  Gateway  
  19  1:27  Cybernetics Core  
  19  1:28  Zealot  
  21  1:38  Pylon  
  21  1:43  Probe  
  22  1:48  Assimilator  
  22  1:53  Adept  
  22  1:55  Probe  
  22  1:56  Adept  
  22  1:59  Warp Gate  
  27  2:12  Probe  
  28  2:20  Shield Battery  
  28  2:26  Probe  
  29  2:33  Pylon  
  29  2:52  Gateway  
  29  2:54  Gateway  
  29  3:19  Pylon  
  29  3:21  Pylon  
  29  3:47  Sentry x3  
  35  3:49  Sentry  
  35  3:51  Robotics Facility  
  37  3:58  Pylon  
  37  4:11  Zealot  
  37  4:12  Zealot x3  
  32  4:54  Zealot  
  32  4:55  Zealot x2  
  38  5:00  Probe  
  39  5:08  Probe  
Show
View Real Time Build Order
Export as new Build Order

peacake Zerg 

Build Orders: Pool First 

Get SALT Encoding   

  12  0:01  Drone  
  13  0:08  Drone  
  14  0:28  Spawning Pool  
  13  0:31  Drone  
  13  0:34  Extractor  
  13  0:38  Drone  
  14  0:47  Overlord  
  14  1:06  Drone x3  
  17  1:26  Hatchery  
  17  1:29  Drone  
  17  1:41  Queen  
  17  1:45  Drone  
  20  1:48  Drone  
  20  1:52  Drone  
  22  2:14  Hatchery  
  21  2:21  Metabolic Boost  
  21  2:25  Drone  
  22  2:32  Overlord  
  22  2:38  Baneling Nest  
  22  2:39  Drone  
  22  2:43  Drone  
  23  2:46  Zergling x2  
  24  2:52  Drone  
  24  2:53  Drone  
  24  2:56  Zergling x2  
  27  3:00  Zergling x2  
  27  3:04  Zergling x2  
  28  3:07  Zergling x2  
  29  3:13  Drone x2  
  29  3:19  Drone  
  32  3:25  Drone  
  32  3:26  Drone  
  34  3:29  Drone  
  34  3:32  Drone x2  
  37  3:35  Drone  
  37  3:38  Drone  
  37  3:41  Zergling x2  
  40  3:43  Zergling x2  
  40  3:44  Zergling x2  
  42  3:48  Overlord  
  42  3:52  Overlord  
  42  3:56  Overlord  
  42  4:00  Spine Crawler  
  42  4:02  Zergling x2  
  41  4:05  Zergling x2  
  41  4:06  Zergling x2  
  41  4:07  Zergling x2  
  43  4:12  Zergling x4  
  43  4:13  Zergling x2  
  43  4:17  Zergling x2  
  45  4:18  Zergling x2  
  45  4:20  Zergling x2  
  43  4:28  Zergling x2  
  43  4:30  Zergling x2  
  44  4:31  Zergling x2  
  44  4:36  Zergling x2  
  41  4:40  Zergling x2  
  41  4:49  Zergling x2  
  41  4:50  Zergling x4  
  25  5:05  Zergling x2  
Tags
 
Add a new tag
Caveats
  • Supply blocks, unpowered buildings, or Contaminate may cause inaccurate times.
  • Supply counts are checked every 10 seconds.